[Event "Titled Tuesday Blitz April 25 Early 2023"]
[White "Sohier, Julien"]
[Black "Degenbaev, Aziz"]
[WhiteFideId "645346"]
[BlackFideId "13802640"]
[WhiteElo "2209"]
[BlackElo "2152"]
[Result "1/2-1/2"]
[Round "03"]
[TimeControl "180+2"]
[Date "2023.04.25"]
[WhiteClock "0:00:11"]
[BlackClock "0:00:07"]

1. e4 c5 2. Nc3 d6 3. d4 cxd4 4. Qxd4 Nc6 5. Qd2 g6 6. b3 Bh6 7. f4 Nf6 8. Bb2 O-O 9. O-O-O e5 10. g3 Re8 11. Bg2 Bg4 12. Re1 d5 13. exd5 exf4 14. Rxe8+ Qxe8 15. Nf3 Bxf3 16. Bxf3 Ne5 17. Bd1 Neg4 18. Bxg4 Nxg4 19. gxf4 Qe3 20. Qxe3 Nxe3 21. d6 Bxf4 22. d7 Rd8 23. Ne4 Nd5+ 24. Kb1 f5 25. Nc5 Kf7 26. Rd1 Ne3 27. Re1 b6 28. Nd3 g5 29. Bc1 Ng2 30. Bxf4 gxf4 31. Rg1 Ne3 32. Nxf4 Rxd7 33. Re1 Ng4 34. h3 Nf6 35. Re5 Rd1+ 36. Kb2 Rf1 37. Rxf5 Rf3 38. a4 h5 39. a5 bxa5 40. Rxa5 Rxf4 41. Rxa7+ Kg6 42. c4 h4 43. c5 Nd5 44. Rd7 Rf2+ 45. Ka3 Rd2 46. c6 Rc2 47. Rxd5 Rxc6 48. Rd4 Kg5 49. Rg4+ Kh5 50. b4 Rc3+ 51. Ka4 Rxh3 52. Rc4 Rh1 53. b5 Ra1+ 54. Kb4 h3 55. Rc2 Kg4 56. Kc5 Kg3 57. Kc6 Rb1 58. b6 h2 59. Rxh2 Kxh2 60. b7 Kg3 61. Kc7 Rc1+ 62. Kd8 Rb1 63. Kc8 Rc1+ 64. Kd8 Rd1+ 65. Kc8 Rb1 66. b8=Q+ Rxb8+ 67. Kxb8 1/2-1/2


[Site "https://www.chess.com"]

[Event "Titled Tuesday Blitz April 25 Early 2023"]
[White "Escanor89"]
[Black "Mihajlovskij"]
[WhiteElo "2496"]
[BlackElo "2311"]
[Result "1-0"]
[Round "03"]
[TimeControl "180+2"]
[Date "2023.04.25"]
[WhiteClock "0:00:57"]
[BlackClock "0:01:21"]

1. e4 c5 2. Nf3 Nc6 3. Bb5 g6 4. Bxc6 dxc6 5. O-O Bg7 6. d3 e5 7. h3 Qe7 8. Nc3 Nf6 9. Be3 O-O 10. Qd2 Nd7 11. Bh6 b6 12. Nh2 f6 13. Rae1 Ba6 14. b3 Rad8 15. Nd1 Rf7 16. Bxg7 Kxg7 17. Ng4 Rdf8 18. Qh6+ Kh8 19. f4 exf4 20. Qxf4 Ne5 21. Nh6 Rg7 22. Ne3 Bc8 23. Re2 a5 24. Ref2 b5 25. Qh4 g5 26. Qg3 Qe8 27. Rxf6 Rxf6 28. Rxf6 Rg6 29. Rxg6 Nxg6 30. Qxg5 Be6 31. Qxc5 Kg7 32. Nef5+ Kh8 33. Qc3+ 1-0


[Site "https://www.chess.com"]

[Event "Titled Tuesday Blitz April 25 Early 2023"]
[White "Devaev, Alexander"]
[Black "Gonzalez, Francisco Silva"]
[WhiteFideId "4169395"]
[BlackFideId "1512285"]
[WhiteElo "2204"]
[BlackElo "2074"]
[Result "1-0"]
[Round "03"]
[TimeControl "180+2"]
[Date "2023.04.25"]
[WhiteClock "0:00:09"]
[BlackClock "0:00:51"]

1. d4 Nf6 2. c4 e6 3. Nf3 d5 4. Nc3 a6 5. cxd5 exd5 6. Bg5 Be6 7. e3 Bd6 8. Bd3 Nbd7 9. O-O c6 10. Qc2 Qc7 11. Rac1 O-O 12. Rfe1 Rfc8 13. Qd2 h6 14. Bh4 Qb8 15. Bb1 Bg4 16. Bg3 Bh5 17. Rf1 Re8 18. Ne1 Bxg3 19. hxg3 Qd6 20. Na4 Ne4 21. Bxe4 dxe4 22. Nc5 Rab8 23. Nxd7 Qxd7 24. Rc5 Bg4 25. Nc2 Be6 26. b3 b6 27. Rc3 a5 28. Rc1 Bd5 29. Na3 f5 30. Nc4 Re6 31. Qb2 g5 32. Ne5 Qe8 33. b4 a4 34. Qc2 Rxe5 35. dxe5 b5 36. a3 h5 37. Qd1 Kg7 38. Qd4 Kg6 39. Rc5 Qe6 40. Qc3 Rb6 41. Rd1 f4 42. exf4 gxf4 43. gxf4 h4 44. Qe3 Kh5 45. Qe2+ Kg6 46. Qe3 Kh5 47. Kh2 Ra6 48. Qh3 Qg4 49. Qxg4+ Kxg4 50. f3+ exf3 51. gxf3+ Kxf4 52. Re1 Be6 53. Rc3 Rb6 54. Re4+ Kg5 55. f4+ Kf5 56. Rce3 Rb8 57. Rd4 Bd5 58. Rh3 Kg4 59. f5+ Kxf5 60. Rhxh4 Kxe5 61. Rdg4 Kf5 62. Kg3 Re8 63. Rf4+ Kg5 64. Rhg4+ Kh5 65. Rf5+ Kh6 66. Kh4 Bf7 67. Rxf7 Re1 68. Rf6+ Kh7 69. Rxc6 Re3 70. Rc5 Re5 71. Rxe5 1-0


[Site "https://www.chess.com"]

[Event "Titled Tuesday Blitz April 25 Early 2023"]
[White "Erzhanov, Arman"]
[Black "Harris, Ian"]
[WhiteFideId "4138821"]
[BlackFideId "2020092"]
[WhiteElo "2138"]
[BlackElo "2295"]
[Result "1/2-1/2"]
[Round "03"]
[TimeControl "180+2"]
[Date "2023.04.25"]
[WhiteClock "0:00:19"]
[BlackClock "0:00:11"]

1. e4 e5 2. Nf3 Nc6 3. Bb5 Bc5 4. c3 f5 5. exf5 e4 6. d4 exf3 7. dxc5 Qe7+ 8. Be3 fxg2 9. Rg1 Nf6 10. Bc4 Ne5 11. Bb3 d5 12. cxd6 cxd6 13. Bc2 Bd7 14. Rxg2 Bc6 15. Rg3 h5 16. Nd2 h4 17. Rg1 O-O-O 18. Qe2 Rhe8 19. O-O-O Kb8 20. Kb1 d5 21. Bf4 Ka8 22. Nb3 Neg4 23. Qd2 Qe2 24. Nd4 Qxd2 25. Rxd2 Re7 26. h3 Ne5 27. Ne6 Nc4 28. Rdd1 Rde8 29. b3 Na3+ 30. Kb2 Nxc2 31. Kxc2 Rc8 32. Rg6 a6 33. Kb2 b5 34. a3 Kb7 35. Rdg1 Ne8 36. Bg5 Rf7 37. Bxh4 Rxf5 38. Nxg7 Rf3 39. R6g5 Rxh3 40. Rg6 Rxh4 41. Ne6 Rh2 42. Rf1 Nc7 43. Nc5+ Kb6 44. Nd3 Rd8 45. Ne5 d4 46. Nxc6 Rf8 47. Nxd4+ Kb7 48. Rg7 Kc8 49. Nc6 Nd5 50. Ne7+ Nxe7 51. Rxe7 Rfxf2+ 52. Rxf2 Rxf2+ 53. Kc1 Rf1+ 54. Kd2 Rf2+ 55. Re2 Rf3 56. b4 Kc7 57. Kc2 Kb6 58. Re6+ Kb7 59. Kb3 Rg3 60. Re5 Rh3 61. Rc5 Rg3 62. a4 Kb6 63. a5+ Kb7 64. Rd5 Rh3 65. Re5 Rg3 66. Re2 Rh3 67. Rc2 Rg3 68. Kb2 Rg4 69. c4 bxc4 70. Kc3 Kc6 71. Rd2 Rh4 72. Rd4 Rh5 73. Kxc4 Kb7 74. Re4 Rg5 75. Re7+ Kb8 76. Re6 Kb7 77. Rb6+ Ka7 78. Rc6 Kb7 79. Rc5 Rg4+ 80. Kb3 Rg3+ 81. Ka4 Rg4 82. Rd5 Rh4 83. Re5 Rg4 84. Re7+ Kb8 85. Rf7 Rh4 86. Ka3 Rg4 87. Kb3 Rh4 88. Kc3 Rg4 89. Rd7 Rh4 90. Rd4 Rh3+ 91. Kc4 Rh5 92. Rd5 Rh4+ 93. Kc5 Rh1 94. Kb6 Rh6+ 95. Kc5 Kb7 96. Rd7+ Kb8 97. Rd6 Rh5+ 98. Kb6 Rb5+ 99. Kxa6 Rxb4 100. Rd8+ Kc7 101. Rf8 Rb1 102. Rf7+ Kb8 103. Rf6 Rb2 104. Re6 Rb1 105. Re8+ Kc7 106. Ka7 Rb7+ 107. Ka6 Rb1 108. Rg8 Rb2 109. Rg7+ Kb8 110. Rg8+ Kc7 111. Rf8 Rb1 112. Rf6 Kb8 113. Re6 Rb2 114. Re8+ Kc7 115. Rh8 Rb1 116. Rh7+ Kb8 117. Rh6 Rb2 118. Rh5 Rb1 119. Rh8+ Kc7 120. Ra8 Rb2 121. Ra7+ Kb8 122. Re7 Rb1 123. Re6 Rb2 124. Re8+ Kc7 125. Re5 Kb8 126. Rh5 Rb1 127. Rh8+ Kc7 1/2-1/2


[Site "https://www.chess.com"]

[Event "Titled Tuesday Blitz April 25 Early 2023"]
[White "Zavortink, Matt"]
[Black "Bashkansky, Ethan"]
[WhiteFideId "2034263"]
[BlackFideId "2071533"]
[WhiteElo "2487"]
[BlackElo "2293"]
[Result "0-1"]
[Round "03"]
[TimeControl "180+2"]
[Date "2023.04.25"]
[WhiteClock "0:00:11"]
[BlackClock "0:00:09"]

1. c4 f5 2. Nc3 Nf6 3. d4 g6 4. h4 h6 5. e4 d6 6. Bd3 e6 7. Nh3 Nc6 8. Nf4 Rg8 9. Be3 e5 10. dxe5 dxe5 11. Nfd5 f4 12. Bd2 Nd4 13. Ne2 Bg4 14. Qa4+ c6 15. Nxd4 exd4 16. Bxf4 b5 17. Nxf6+ Qxf6 18. Qa6 Bb4+ 19. Kf1 Qxf4 20. Qxc6+ Kf7 21. Qxb5 Be7 22. Qd5+ Be6 23. Qxd4 Rgd8 24. Qc3 Bf6 25. Qc2 Rab8 26. Rb1 Bd4 27. h5 g5 28. Ke1 Bc5 29. Rf1 Rd4 30. f3 Qe3+ 31. Be2 Bb4+ 0-1


[Site "https://www.chess.com"]

[Event "Titled Tuesday Blitz April 25 Early 2023"]
[White "Bogaudinov, Rushan"]
[Black "Yurasova, Daria"]
[WhiteFideId "4129288"]
[BlackFideId "34146919"]
[WhiteElo "1967"]
[BlackElo "2134"]
[Result "1/2-1/2"]
[Round "03"]
[TimeControl "180+2"]
[Date "2023.04.25"]
[WhiteClock "0:00:05"]
[BlackClock "0:00:02"]

1. a3 d5 2. e3 Nf6 3. Nf3 c5 4. d4 Nc6 5. dxc5 a5 6. Nc3 g6 7. Na4 Bg7 8. Be2 O-O 9. O-O Bf5 10. Nd4 Nxd4 11. exd4 Qc7 12. c3 Rad8 13. Bf3 e5 14. dxe5 Qxe5 15. Re1 Qc7 16. Be3 Ne4 17. Bd4 Bh6 18. Re2 Rfe8 19. b4 Ng5 20. Rxe8+ Rxe8 21. Bxd5 Ne6 22. Nb6 Nxd4 23. cxd4 Bg7 24. Bf3 Rd8 25. d5 axb4 26. axb4 Bxa1 27. Qxa1 Qf4 28. Qa3 Re8 29. g4 Bxg4 30. Kg2 Re1 31. Bxg4 Qxg4+ 32. Qg3 Qe4+ 33. Kh3 Qf5+ 34. Kg2 Qe4+ 35. f3 Qxb4 36. Nd7 Qd2+ 37. Kh3 Qh6+ 38. Qh4 Qxh4+ 39. Kxh4 Rd1 40. d6 f5 41. f4 Kf7 42. Ne5+ Ke6 43. Kg5 Rc1 44. Kh6 Rxc5 45. d7 Ke7 46. Kxh7 b5 47. Kxg6 b4 48. Nd3 Rc4 49. h4 b3 50. h5 Rd4 51. Nb2 Rd6+ 52. Kxf5 Kxd7 53. Kg5 Rd2 54. Nc4 Rc2 55. Ne5+ Ke6 56. Nd3 Rd2 57. Nc5+ Kf7 58. Nxb3 Rg2+ 59. Kf5 Rh2 60. Kg5 Rg2+ 61. Kh6 Kf6 62. Nc5 Kf5 63. Kh7 Kxf4 64. h6 Kf5 65. Nd7 Ke6 66. Nc5+ Kf7 67. Nd3 Rd2 68. Ne5+ Ke6 69. Ng6 Rd7+ 70. Kg8 Kf6 71. Nf8 Rd1 72. Nd7+ Ke7 73. h7 Rg1+ 74. Kh8 Kf7 75. Ne5+ Ke6 76. Ng6 Ra1 77. Kg7 Ra7+ 78. Kh6 Rxh7+ 79. Kxh7 1/2-1/2


[Site "https://www.chess.com"]

[Event "Titled Tuesday Blitz April 25 Early 2023"]
[White "Blokhin, Sofia"]
[Black "Arat, Ufuk Sezen"]
[WhiteFideId "4508190"]
[BlackFideId "6309089"]
[WhiteElo "1994"]
[BlackElo "2289"]
[Result "0-1"]
[Round "03"]
[TimeControl "180+2"]
[Date "2023.04.25"]
[WhiteClock "0:00:16"]
[BlackClock "0:02:22"]

1. d4 Nf6 2. c4 g6 3. Nc3 d5 4. e3 Bg7 5. cxd5 Nxd5 6. Bd3 c5 7. Nge2 cxd4 8. Nxd4 O-O 9. O-O Nxc3 10. bxc3 e5 11. Ne2 Qc7 12. Qc2 Rd8 13. Ng3 f5 14. e4 f4 15. Ne2 Be6 16. Ba3 Nd7 17. Rad1 Nc5 18. g3 Nxd3 19. Rxd3 Rxd3 20. Qxd3 Bc4 21. Qc2 f3 22. Nc1 Bxf1 23. Kxf1 Qd7 24. Nd3 Qh3+ 25. Ke1 Qxh2 26. Qb3+ Kh8 27. Qxb7 Rd8 28. Qe7 Qg1+ 29. Kd2 Qxf2+ 30. Kc1 Qe3+ 31. Kb2 Qd2+ 32. Kb3 Qxd3 0-1


[Site "https://www.chess.com"]

[Event "Titled Tuesday Blitz April 25 Early 2023"]
[White "Turzo, Attila"]
[Black "Bashirli, Saadat"]
[WhiteFideId "704954"]
[BlackFideId "13429990"]
[WhiteElo "2463"]
[BlackElo "1408"]
[Result "1-0"]
[Round "03"]
[TimeControl "180+2"]
[Date "2023.04.25"]
[WhiteClock "0:01:40"]
[BlackClock "0:00:17"]

1. e4 c5 2. Nc3 g6 3. d4 cxd4 4. Qxd4 Nf6 5. Qe3 d6 6. b3 Bg7 7. Bb2 O-O 8. O-O-O Ng4 9. Qe1 Qb6 10. Nh3 Be6 11. Kb1 Nd7 12. f3 Ne3 13. Na4 Qc6 14. Qxe3 Rfc8 15. Bd3 Bxb2 16. Nxb2 Ne5 17. Nf4 Bd7 18. Nd5 Re8 19. f4 Ng4 20. Qe2 Rac8 21. h3 Nh6 22. g4 Kg7 23. g5 Ng8 24. h4 e6 25. Ne3 d5 26. e5 Ne7 27. h5 Rh8 28. Ng4 Qc5 29. Nf6 Bc6 30. Rh2 gxh5 31. Qxh5 h6 32. gxh6+ Kf8 33. h7 Qe3 34. Qh6# 1-0


[Site "https://www.chess.com"]

[Event "Titled Tuesday Blitz April 25 Early 2023"]
[White "Tanmay Jain"]
[Black "Levitan, Caleb Levi"]
[WhiteFideId "45015481"]
[BlackFideId "14332620"]
[WhiteElo "2032"]
[BlackElo "1963"]
[Result "1-0"]
[Round "03"]
[TimeControl "180+2"]
[Date "2023.04.25"]
[WhiteClock "0:00:17"]
[BlackClock "0:00:02"]

1. e4 e5 2. Nf3 Nc6 3. d4 exd4 4. Nxd4 Qf6 5. Nxc6 Bc5 6. Qe2 dxc6 7. Nc3 Be6 8. Be3 Bb4 9. Bd2 Ne7 10. O-O-O O-O 11. e5 Qg6 12. Ne4 Bxd2+ 13. Rxd2 Rad8 14. f3 Nd5 15. Nc5 b6 16. Nxe6 Qxe6 17. Qe4 Ne7 18. Bc4 Qh6 19. f4 Rxd2 20. Kxd2 Rd8+ 21. Kc1 Nd5 22. g3 b5 23. Bb3 a5 24. Rd1 Qxh2 25. e6 Qxg3 26. e7 Re8 27. Bxd5 cxd5 28. Rxd5 Qh4 29. Rd7 Qf6 30. Rxc7 Qb6 31. Rd7 Qg1+ 32. Rd1 Qc5 33. Rd7 Qg1+ 34. Kd2 Qf2+ 35. Kd3 Qf1+ 36. Kd2 1-0


[Site "https://www.chess.com"]

[Event "Titled Tuesday Blitz April 25 Early 2023"]
[White "Jovic, Stanoje"]
[Black "Sarkar, Justin"]
[WhiteFideId "905020"]
[BlackFideId "2010011"]
[WhiteElo "2236"]
[BlackElo "2189"]
[Result "1-0"]
[Round "03"]
[TimeControl "180+2"]
[Date "2023.04.25"]
[WhiteClock "0:01:45"]
[BlackClock "0:00:02"]

1. c4 Nf6 2. g3 c6 3. Bg2 d5 4. cxd5 cxd5 5. Nf3 Nc6 6. d4 Bg4 7. Ne5 e6 8. O-O Bf5 9. Nc3 Nxe5 10. dxe5 Nd7 11. f4 Bc5+ 12. Kh1 O-O 13. e4 dxe4 14. Nxe4 Qe7 15. Nd6 Bxd6 16. exd6 Qf6 17. Bxb7 Rab8 18. Bg2 Rfd8 19. g4 Bg6 20. g5 Qf5 21. Rf2 Nc5 22. Be3 Nd3 23. Rd2 Rxd6 24. Bxa7 Rbd8 25. Be3 1-0


[Site "https://www.chess.com"]

[Event "Titled Tuesday Blitz April 25 Early 2023"]
[White "Fierz, Martin"]
[Black "Namitbir Singh Walia"]
[WhiteFideId "1302132"]
[BlackFideId "35071068"]
[WhiteElo "2274"]
[BlackElo "2239"]
[Result "0-1"]
[Round "03"]
[TimeControl "180+2"]
[Date "2023.04.25"]
[WhiteClock "0:00:12"]
[BlackClock "0:00:09"]

1. e4 e5 2. Nf3 Nc6 3. Nc3 Nf6 4. Bb5 Bb4 5. O-O O-O 6. Bxc6 dxc6 7. d3 Qd6 8. Ne2 Rd8 9. Bg5 h6 10. Bh4 Bg4 11. Nc3 Qe6 12. h3 Bh5 13. Qe2 Re8 14. Nd1 Nd7 15. Ne3 Nf8 16. g4 Bg6 17. Bg3 Nd7 18. Nh4 Bh7 19. Kg2 Bf8 20. Nhf5 g6 21. Nh4 Qe7 22. Nf3 Bg7 23. Nd2 Nc5 24. a4 Ne6 25. Ndc4 Nf4+ 26. Bxf4 exf4 27. Nd1 f5 28. Re1 fxe4 29. dxe4 g5 30. f3 Rad8 31. Nf2 Kh8 32. Nd3 Bg8 33. Nd2 Rd7 34. Rh1 c5 35. b3 Bxa1 36. Rxa1 Red8 37. Rh1 Kg7 38. h4 c6 39. Qf2 b5 40. hxg5 hxg5 41. Rh5 c4 0-1


[Site "https://www.chess.com"]

[Event "Titled Tuesday Blitz April 25 Early 2023"]
[White "Nery Junior, Jose Antonio"]
[Black "Bochnicka, Vladimir"]
[WhiteFideId "2104822"]
[BlackFideId "14943450"]
[WhiteElo "2197"]
[BlackElo "2094"]
[Result "0-1"]
[Round "03"]
[TimeControl "180+2"]
[Date "2023.04.25"]
[WhiteClock "0:00:14"]
[BlackClock "0:00:09"]

1. e4 e5 2. Nf3 Nc6 3. Bc4 Nf6 4. d3 Be7 5. c3 O-O 6. Bb3 d6 7. O-O Na5 8. Nbd2 Nxb3 9. axb3 a6 10. Re1 h6 11. h3 Be6 12. Nf1 c6 13. Ng3 Qc7 14. b4 Rad8 15. Nh4 d5 16. Qf3 Nxe4 17. dxe4 Bxh4 18. Nh5 dxe4 19. Qxe4 Be7 20. Be3 f5 21. Qf3 e4 22. Bf4 Bd6 23. Bxd6 Qxd6 24. Qf4 Qxf4 25. Nxf4 Bf7 26. g3 Rd2 27. Re2 Rfd8 28. Rae1 g5 29. Ng2 Rxe2 30. Rxe2 Rd1+ 31. Kh2 Bc4 32. Re1 Rd2 33. Ne3 Bd3 34. Kg1 f4 35. gxf4 gxf4 36. Ng4 Kg7 37. Ne5 Rxb2 38. Nxd3 exd3 39. Re7+ Kf6 40. Rd7 d2 41. Kg2 b6 42. Kf3 a5 43. bxa5 bxa5 44. Ke2 a4 45. Rd6+ Ke5 46. Rxc6 a3 47. Ra6 a2 48. Ra4 d1=Q+ 49. Kxd1 Rb1+ 50. Ke2 a1=Q 0-1


[Site "https://www.chess.com"]

[Event "Titled Tuesday Blitz April 25 Early 2023"]
[White "Barwinska, Ewa"]
[Black "Zhukova, Natalia"]
[WhiteFideId "21833761"]
[BlackFideId "14101513"]
[WhiteElo "1908"]
[BlackElo "2297"]
[Result "0-1"]
[Round "03"]
[TimeControl "180+2"]
[Date "2023.04.25"]
[WhiteClock "0:00:15"]
[BlackClock "0:01:45"]

1. e4 e5 2. Nf3 Nc6 3. Bb5 a6 4. Ba4 Nf6 5. O-O b5 6. Bb3 Bc5 7. Re1 O-O 8. h3 d6 9. c3 h6 10. d4 Bb6 11. a4 Rb8 12. axb5 axb5 13. Bc2 Re8 14. Qd3 d5 15. dxe5 Nxe4 16. Rxe4 dxe4 17. Qxe4 g6 18. Qxc6 Bb7 19. Qf6 Qxf6 20. exf6 Bxf3 21. Bxh6 Re1+ 22. Kh2 Bd5 23. Bd2 Re2 24. Bd3 Rxf2 0-1


[Site "https://www.chess.com"]

[Event "Titled Tuesday Blitz April 25 Early 2023"]
[White "Toktomushev, Teimur"]
[Black "Dzhaparov, Medet"]
[WhiteFideId "14176726"]
[BlackFideId "13803689"]
[WhiteElo "2116"]
[BlackElo "1690"]
[Result "1-0"]
[Round "03"]
[TimeControl "180+2"]
[Date "2023.04.25"]
[WhiteClock "0:00:09"]
[BlackClock "0:00:17"]

1. d4 Nf6 2. c4 g6 3. Nc3 d5 4. cxd5 Nxd5 5. e4 Nxc3 6. bxc3 Bg7 7. Be3 c5 8. Qd2 Nc6 9. Nf3 O-O 10. d5 Ne5 11. Nxe5 Bxe5 12. Rc1 b6 13. Be2 a5 14. O-O Qc7 15. f4 Bg7 16. Rfd1 Ba6 17. Bxa6 Rxa6 18. c4 Rd8 19. e5 Qb7 20. Rb1 Qc7 21. Qf2 a4 22. a3 Ra5 23. Rd2 Rb8 24. Qe2 Qd7 25. d6 exd6 26. Rxd6 Qc7 27. Rbd1 b5 28. Rd7 Qc6 29. Rd8+ Rxd8 30. Rxd8+ Bf8 31. f5 gxf5 32. Qh5 Qg6 33. Qh6 Qg7 34. Qd6 Ra6 35. Qxa6 Qxe5 36. Qh6 Qa1+ 37. Kf2 Qb2+ 38. Kf3 Qg7 39. Qxg7+ Kxg7 40. Rxf8 Kxf8 41. Bxc5+ Ke8 42. cxb5 Kd7 43. Kf4 Kc7 44. Kxf5 Kd7 45. Kf6 Ke8 46. b6 Kd7 47. Kxf7 Kc6 48. Bf2 h5 49. h4 Kb7 50. Kg6 Ka6 51. Kxh5 Kb7 52. Kg6 Ka6 53. h5 Kb7 54. h6 Ka6 55. h7 Kb5 56. b7 Kc4 57. b8=Q Kc3 58. h8=Q+ Kc2 59. Qbb2+ Kd1 60. Qhd4# 1-0


[Site "https://www.chess.com"]

[Event "Titled Tuesday Blitz April 25 Early 2023"]
[White "Omariev, Maksim"]
[Black "Orzech, Dominik"]
[WhiteFideId "4193423"]
[BlackFideId "1115065"]
[WhiteElo "2412"]
[BlackElo "2260"]
[Result "1-0"]
[Round "03"]
[TimeControl "180+2"]
[Date "2023.04.25"]
[WhiteClock "0:00:21"]
[BlackClock "0:00:43"]

1. e4 e6 2. d4 d5 3. Nc3 Bb4 4. exd5 exd5 5. Bd3 Ne7 6. a3 Bxc3+ 7. bxc3 Bf5 8. Qf3 Qd7 9. Ne2 O-O 10. O-O Nbc6 11. Rb1 Na5 12. Ng3 Bg6 13. h4 b6 14. h5 Bxd3 15. cxd3 h6 16. Bf4 Rfe8 17. Rfe1 Rac8 18. Be5 Nb7 19. Qf4 Nd6 20. Re3 f6 21. Bxf6 gxf6 22. Qxh6 Ndf5 23. Nxf5 Qxf5 24. Rbe1 Kf7 25. Rf3 Rh8 26. Qxh8 Rxh8 27. Rxe7+ Kxe7 28. Rxf5 Ke6 29. g4 c5 30. dxc5 bxc5 31. c4 dxc4 32. dxc4 Rc8 33. Kg2 Rc6 34. f3 Ra6 35. Rxc5 Rxa3 36. h6 Kf7 37. Rc7+ Kg8 38. Kg3 a5 39. Kf4 a4 40. Kf5 Rxf3+ 41. Kg6 Kf8 42. h7 Rh3 43. Rc8+ Ke7 44. h8=Q Rxh8 45. Rxh8 Kd6 46. Kxf6 Kc5 47. Rc8+ Kb4 48. g5 a3 49. g6 a2 50. Ra8 Kxc4 51. Rxa2 1-0


[Site "https://www.chess.com"]

[Event "Titled Tuesday Blitz April 25 Early 2023"]
[White "Andrews, Todd"]
[Black "Nissinen, Niilo Man"]
[WhiteFideId "2012456"]
[BlackFideId "30950767"]
[WhiteElo "2403"]
[BlackElo "1952"]
[Result "1-0"]
[Round "03"]
[TimeControl "180+2"]
[Date "2023.04.25"]
[WhiteClock "0:00:11"]
[BlackClock "0:00:01"]

1. e4 c5 2. Nf3 Nc6 3. d3 g6 4. g3 Bg7 5. Bg2 e6 6. O-O Nge7 7. Re1 d6 8. c3 O-O 9. d4 cxd4 10. cxd4 b6 11. Nc3 d5 12. e5 f6 13. exf6 Bxf6 14. Bh6 Re8 15. Ne5 Nxe5 16. dxe5 Bh8 17. Nb5 Nf5 18. Bf4 Bd7 19. Nd6 Nxd6 20. exd6 Bxb2 21. Rb1 Bf6 22. Rc1 Rc8 23. Rc7 g5 24. Qg4 Kh8 25. Be5 Bxe5 26. Rxe5 Rxc7 27. dxc7 Qxc7 28. Qxg5 Rf8 29. Qh6 Qd8 30. h4 Qf6 31. Qe3 Rc8 32. Kh2 Rc2 33. Rg5 d4 34. Qe4 Rc8 35. Qb7 Rd8 36. Qc7 d3 37. Qd6 e5 38. Qxf6# 1-0


[Site "https://www.chess.com"]

[Event "Titled Tuesday Blitz April 25 Early 2023"]
[White "De Souza, Cristiano Gomes"]
[Black "Pourkashiyan, Atousa"]
[WhiteFideId "2151758"]
[BlackFideId "12502014"]
[WhiteElo "2068"]
[BlackElo "2228"]
[Result "1-0"]
[Round "03"]
[TimeControl "180+2"]
[Date "2023.04.25"]
[WhiteClock "0:01:00"]
[BlackClock "0:00:15"]

1. d4 Nf6 2. c4 e6 3. Nf3 Bb4+ 4. Bd2 Bxd2+ 5. Nbxd2 O-O 6. e4 d5 7. cxd5 exd5 8. e5 Ne4 9. Bd3 Bf5 10. Qe2 Nc6 11. Nxe4 dxe4 12. Bxe4 Bg4 13. Bxc6 bxc6 14. Rd1 Rb8 15. b3 Rb4 16. Qe3 Qd5 17. O-O Rd8 18. Rd3 Bxf3 19. gxf3 Rxd4 20. Rxd4 Qxd4 21. Rc1 Qd7 22. Qxa7 h6 23. Qc5 Re8 24. Qxc6 Qe7 25. Qxc7 Qg5+ 26. Kf1 Rxe5 27. Qc8+ Kh7 28. Qc2+ g6 29. Re1 Rf5 30. Re3 Qf4 31. Ke2 Qxh2 32. Qc4 h5 33. Re7 Qf4 34. Qxf4 Rxf4 35. Re4 Rf5 36. a4 g5 37. b4 h4 38. Kf1 Rxf3 39. Kg2 Ra3 40. b5 Kg6 41. Rb4 f5 42. b6 g4 43. b7 h3+ 44. Kh2 Ra2 45. b8=Q Rxf2+ 46. Kg3 Rg2+ 47. Kh4 Kf6 48. Qf8+ Ke5 49. Qc5+ 1-0


[Site "https://www.chess.com"]

[Event "Titled Tuesday Blitz April 25 Early 2023"]
[White "Rangel, Daniel"]
[Black "Schut, Han"]
[WhiteFideId "2124475"]
[BlackFideId "1005561"]
[WhiteElo "2256"]
[BlackElo "2024"]
[Result "1-0"]
[Round "03"]
[TimeControl "180+2"]
[Date "2023.04.25"]
[WhiteClock "0:00:35"]
[BlackClock "0:00:44"]

1. e3 c5 2. c4 Nc6 3. Nc3 Nf6 4. g4 h6 5. h4 d5 6. cxd5 Nxd5 7. Bg2 Ndb4 8. Kf1 Qd3+ 9. Qe2 Bxg4 10. Bxc6+ bxc6 11. Qxd3 Nxd3 12. b3 O-O-O 13. Ba3 Nb4 14. f3 Nc2 15. fxg4 Nxa1 16. Nf3 f6 17. Bxc5 e5 18. Bxf8 Rhxf8 19. Ke2 Nc2 20. Rc1 Nb4 21. a3 Nd3 22. Rc2 Kc7 23. h5 Rd7 24. Nh4 Rfd8 25. Ne4 Kb6 26. Nf5 a5 27. Rc3 Rd5 28. Ne7 1-0


[Site "https://www.chess.com"]

[Event "Titled Tuesday Blitz April 25 Early 2023"]
[White "Coelho, Ramyres Santana"]
[Black "Koutsin, Sergey"]
[WhiteFideId "2120690"]
[BlackFideId "14101483"]
[WhiteElo "1888"]
[BlackElo "2381"]
[Result "0-1"]
[Round "03"]
[TimeControl "180+2"]
[Date "2023.04.25"]
[WhiteClock "0:00:18"]
[BlackClock "0:00:40"]

1. e4 e6 2. d4 d5 3. Nc3 Nf6 4. e5 Nfd7 5. f4 c5 6. Nf3 Nc6 7. Be3 a6 8. Be2 b5 9. O-O Qb6 10. dxc5 Bxc5 11. Bxc5 Nxc5 12. Kh1 b4 13. Nb1 Ne4 14. Qe1 Qe3 15. Nbd2 O-O 16. Nxe4 dxe4 17. Ng5 h6 18. Nh3 Nd4 19. Bd1 Qxe1 20. Rxe1 Bb7 21. c3 bxc3 22. bxc3 Nb5 23. c4 Nd4 24. Rb1 Rab8 25. Rb6 a5 26. c5 Bc6 27. Bg4 Bd5 28. a3 Rxb6 29. cxb6 Rb8 30. Rb1 Nb3 31. f5 Rxb6 32. fxe6 fxe6 33. Nf4 Bc4 34. Nxe6 Bxe6 35. Bxe6+ Rxe6 36. Rxb3 Rxe5 37. Re3 Kf7 38. g4 Ke6 39. Kg2 Kd5 40. Kg3 Kd4 41. Re1 e3 42. Rd1+ Ke4 43. Re1 g5 44. h3 Re6 45. Re2 Kd3 46. Re1 e2 47. Kf2 Rf6+ 48. Kg1 Kd2 49. Ra1 e1=Q+ 50. Rxe1 Kxe1 51. Kg2 a4 52. Kg3 Ke2 53. Kg2 Rf3 54. Kh2 Rxa3 55. h4 Rf3 56. hxg5 hxg5 57. Kg2 a3 58. Kh2 Kf2 59. Kh1 Rh3# 0-1


[Site "https://www.chess.com"]

[Event "Titled Tuesday Blitz April 25 Early 2023"]
[White "Singh, Arvinder Preet"]
[Black "Topalov, Aleksandar"]
[WhiteFideId "5013240"]
[BlackFideId "925659"]
[WhiteElo "2124"]
[BlackElo "2151"]
[Result "1-0"]
[Round "03"]
[TimeControl "180+2"]
[Date "2023.04.25"]
[WhiteClock "0:00:52"]
[BlackClock "0:00:15"]

1. e4 e6 2. d4 d5 3. Nc3 Bb4 4. exd5 exd5 5. Bd3 Ne7 6. Qh5 Be6 7. Ne2 Nbc6 8. O-O Qd7 9. Ng3 h6 10. Re1 O-O-O 11. a3 g6 12. Qd1 Bxc3 13. bxc3 Nf5 14. Nxf5 Bxf5 15. Bf4 g5 16. Be5 Rhe8 17. Bf6 Rxe1+ 18. Qxe1 Re8 19. Qd2 Qe6 20. Bg7 Bg6 21. Bxg6 Qxg6 22. Be5 Nxe5 23. dxe5 Rxe5 24. f4 gxf4 25. Qxf4 Qe6 26. Rf1 Re1 27. h3 Rxf1+ 28. Qxf1 a6 29. Qf4 b6 30. a4 Kb7 31. h4 a5 32. g3 Kc6 33. Kh2 b5 34. axb5+ Kxb5 35. Qxc7 a4 36. Qb7+ Kc5 37. Qb4+ Kc6 38. Qxa4+ Kd6 39. Qa6+ Ke5 40. Qe2+ Kd6 41. Qd3 Kc6 42. Qa6+ Kd7 43. Qb7+ Kd6 44. Qb6+ Ke5 45. Qxe6+ Kxe6 46. Kg2 Ke5 47. Kf3 f5 48. h5 Kf6 49. Kf4 Ke6 50. Kf3 Ke5 51. Ke3 Ke6 52. Kd4 Kd6 53. c4 dxc4 54. Kxc4 1-0


[Site "https://www.chess.com"]

[Event "Titled Tuesday Blitz April 25 Early 2023"]
[White "Kopczynski, Michal"]
[Black "Quirke, Jeffrey"]
[WhiteFideId "1124200"]
[BlackFideId "2013029"]
[WhiteElo "2212"]
[BlackElo "2223"]
[Result "1-0"]
[Round "03"]
[TimeControl "180+2"]
[Date "2023.04.25"]
[WhiteClock "0:00:21"]
[BlackClock "0:00:03"]

1. e4 Nf6 2. e5 Nd5 3. d4 d6 4. exd6 exd6 5. Nf3 Bg4 6. Bd3 Be7 7. O-O Nf6 8. Bg5 Nbd7 9. c3 O-O 10. Nbd2 d5 11. Qc2 h6 12. Bh4 c6 13. Rae1 Bd6 14. h3 Bxf3 15. Nxf3 Re8 16. Rxe8+ Qxe8 17. Re1 Qf8 18. Ne5 Re8 19. f4 Nb6 20. Qd1 Ne4 21. a4 f6 22. a5 fxe5 23. fxe5 Nd7 24. Rf1 Nef6 25. exf6 Nxf6 26. Bxf6 gxf6 27. Qh5 Re3 28. Qg6+ Qg7 29. Rxf6 Qxg6 30. Rxg6+ Kf7 31. Rxd6 Rxd3 32. Rxh6 Rd2 33. Rh7+ Ke6 34. Rxb7 1-0


[Site "https://www.chess.com"]